 Dungeon Crawl Stone Soup version 0.02-32-ge3bdf778cf (webtiles) character file.

Game seed: 4165380049593365579, levelgen mode: deterministic

2 Lanoc the Extinguished (level 1, -3/14 HPs) Immature Draconian Priest. Began on Sept 2, 2020. Was a Believer of Dithmenos. Splashed by a jelly's acid (5 damage) ... on level 2 of the Dungeon. The game lasted 00:01:02 (97 turns).

Lanoc the Extinguished (Immature Draconian Priest)    Turns: 97, Time: 00:01:02

Health: -3/14      AC:  1    Str: 18    XL:     1 ^: 9
Magic:  3/3        EV: 12    Int: 10    God:    Dithmenos [2* [71]]
Gold:   0          SH:  0    Dex:  8    Spells: 0/0 levels left

rFire    . . .     Vision   .     - Unarmed
rCold    . . .     Gourm    .     - Unarmed
rNeg     . . .     Faith    .   (armour unavailable)
rPois    .         Spirit   .   (helmet restricted)
rElec    .         Reflect  .   (no cloak)
rCorr    .         Harm     .   (no gloves)
MR       .....                  (no boots)
Stlth    ++........             (no amulet)
HPRegen  0.14/turn              (no ring)
MPRegen  0.13/turn              (no ring)

@: corroded, wreathed by umbra
A: no body armour, unfitting armour, cold-blooded, AC +5
a: Breathe Dart, Shadow Step, Renounce Religion


You were on level 2 of the Dungeon.
You worshipped Dithmenos.
Dithmenos was pleased with you.
You were not hungry.

You visited 1 branch of the dungeon, and saw 2 of its levels.
You also visited: Temple.

Inventory:

Comestibles
 a - a ration


   Skills:
 + Level 1.5 Dodging
 + Level 1.4 Stealth
 + Level 2.7 Unarmed Combat
 + Level 4.0 Invocations


You couldn't memorise any spells.
You didn't know any spells.
Your spell library was empty.

Dungeon Overview and Level Annotations

Branches:
Dungeon (2/8)

Altars:


Innate Abilities, Weirdness & Mutations

You cannot fit into any form of body armour.
Your plain brown scales are hard. (AC +5)
You can breathe rudimentary magical darts.
You are cold-blooded and may be slowed by cold attacks.


Message History

The horrid stench of the seemingly endless sewage repels you from going further.
The horrid stench of the seemingly endless sewage repels you from going further.
The horrid stench of the seemingly endless sewage repels you from going further.
You enter the shallow water.
Moving in this stuff is going to be slow.
The bullfrog hits the withered plant (2).
The jelly hits you but does no damage.
The bullfrog hits the withered plant (5).
The bullfrog hits the withered plant (4).
The withered plant is destroyed!
You hit the jelly (3). The acid corrodes you!
Your hands burn!
The jelly is lightly wounded. (13/16) HP You hit the jelly but do no damage.
Your hands burn!
You tail-slap the jelly, but do no damage.
The jelly is lightly wounded. (13/16) HP You hit the jelly (1).
Your hands burn!
* * * LOW HITPOINT WARNING * * *
The jelly is moderately wounded. (12/16) HP You hit the jelly (4).
Your hands burn!
You die...

≈≈≈≈#
P≈≈≈≈#
#P≈≈≈≈≈#
#Pb≈≈≈≈#
#≈Pb≈≈≈#
#≈≈≈≈≈≈#
#FP≈≈≈≈#
#JPP≈≈.#
#@PP ..>
#######
.
#######


You could see a bullfrog and a jelly.

Vanquished Creatures
  A bat (D:1)
  A kobold (D:1)
2 creatures vanquished.

Vanquished Creatures (others)
  6 withered plants (D:2)
6 creatures vanquished.

Grand Total: 8 creatures vanquished

Notes
Turn   | Place    | Note
-------+----------+-------------------------------------------
     0 | Start Te | Lanoc the Immature Draconian Priest began the quest for the
                  | Orb.
     0 | Start Te | Reached XP level 1. HP: 14/14 MP: 3/3
     0 | Start Te | Found a sparkling altar of Nemelex Xobeh.
     1 | Start Te | Found a basalt altar of Yredelemnul.
     1 | Start Te | Found a white marble altar of Elyvilon.
     2 | Start Te | Found an iron altar of Okawaru.
     3 | Start Te | Found a glowing silver altar of Zin.
     3 | Start Te | Found a blossoming altar of Fedhas.
     4 | Start Te | Found a stormy altar of Qazlal.
     5 | Start Te | Found a glowing golden altar of the Shining One.
     5 | Start Te | Found an opulent altar of Gozag.
     6 | Start Te | Found a sacrificial altar of Ru.
     7 | Start Te | Found a faded altar of an unknown god.
     7 | Start Te | Found a hazy altar of Hepliaklqana.
    15 | Start Te | Became a worshipper of Dithmenos the Shadowed
    15 | Start Te | Reached * piety under Dithmenos
    15 | Start Te | Reached ** piety under Dithmenos
    91 | D:2      | Noticed a jelly
    92 | D:2      | Noticed a bullfrog
    97 | D:2      | Splashed by a jelly's acid

Levels and vault maps discovered:
D:1:      evilmike_arrival_plus, layout_basic, chequers_serial_rivers_room_b,
          minmay_ruptured
D:2:      cheibrodos_fertilizer, layout_sewer, first_ration

Action                   || total
-------------------------++-------
Melee: Unarmed           ||    14
       Tailslap          ||     1
 Stab: Sleeping          ||     1
Armor: Skin              ||     2
Dodge: Dodged            ||     1
